 Dungeon Crawl Stone Soup version 0.27-a0-1381-g81fdcbfb23 (webtiles) character file.

Game seed: 13403476512970073706

72 Nattfarinn the Magician (level 4, -1/31 HPs)
             Began as a Djinni Venom Mage on June 30, 2021.
             Frozen to death by an endoplasm (7 damage)
             ... on level 2 of the Dungeon.
             The game lasted 00:02:08 (3019 turns).

Nattfarinn the Magician (Djinni Venom Mage)         Turns: 3019, Time: 00:02:08

Health: -1/31      AC:  3    Str:  8    XL:     4   Next: 50%
Gold:   81         EV: 12    Int: 17    God:
                   SH:  0    Dex: 13

rFire    + + .     SeeInvis .   (no weapon)
rCold    x . .     Faith    .   (no shield)
rNeg     . . .     Spirit   .   a - +0 robe
rPois    ∞         Reflect  .   (no helmet)
rElec    .         Harm     .   (no cloak)
rCorr    .         Rampage  .   b - +0 pair of gloves
Will     .....                  (boots unavailable)
Stlth    ++........             (no amulet)
HPRegen  0.10/turn              (no ring)
MPRegen  0.00/turn              (no ring)

@: flying
A: sickness immunity, fire resistance 2, cold vulnerability 1, float, innate
caster, hp casting, extra vitality 1
a: no special abilities


You were on level 2 of the Dungeon.
You visited 1 branch of the dungeon, and saw 2 of its levels.

You collected 81 gold pieces.

Inventory:

Armour
 a - a +0 robe (worn)
 b - a +0 pair of gloves (worn)
Scrolls
 c - a scroll of enchant armour {unknown}
 e - a scroll of identify {unknown}
Potions
 d - a potion of cancellation {unknown}
 f - a potion of heal wounds {unknown}
 g - a potion of curing {unknown}


   Skills:
 - Level 2.1 Dodging
 - Level 1.5 Stealth
 * Level 3.9 Spellcasting


You couldn't memorise any spells.
You knew the following spells:

 Your Spells              Type           Power      Damage    Failure   Level
a - Sting                 Tmut/Pois      64%        1d6       3%          1
b - Poisonous Vapours     Pois/Air       32%        N/A       4%          2
c - Mephitic Cloud        Conj/Pois/Air  16%        N/A       10%         3
d - Ignite Poison         Fire/Tmut/Pois 16%        N/A       10%         3
e - Olgreb's Toxic Radia  Pois           16%        N/A       32%         4
f - Summon Small Mammal   Summ           64%        N/A       3%          1
Your spell library was empty.

Dungeon Overview and Level Annotations

Branches:
Dungeon (2/15)

Altars:


Innate Abilities, Weirdness & Mutations

You are immune to sickness and miasma.
You are immune to poison.
Your flesh is very heat resistant. (rF++)
You are vulnerable to cold. (rC-)
You float through the air rather than walking.
You learn spells naturally, not from books.
Your magical power is your life essence.
You have superior vitality. (+4 HP)


Message History

The adder barely misses you. The adder bites you. The endoplasm freezes you.
You are frozen.
You feel a terrible chill!
The sting hits the adder.
The adder looks as sick as possible!
You kill the adder!
The endoplasm barely misses you.
The sting hits the endoplasm.
The endoplasm partially resists.
The endoplasm is lightly wounded.
The endoplasm freezes you.
You are frozen!
You feel a terrible chill!
You are too injured to fight recklessly!
You are too injured to fight recklessly!
You are too injured to fight recklessly!
You are too injured to fight recklessly!
You see here a ball python corpse.
The endoplasm jiggles.
Casting: Sting (safe; 3% risk of failure)
Confirm with . or Enter, or press ? or * to list all spells.
Aiming: Sting (safe; 3% risk of failure)
Press: ? - help, Shift-Dir - straight line, f/p - endoplasm
Aim: an endoplasm (lightly wounded, 98% to hit)
The sting hits the endoplasm.
The endoplasm partially resists.
The endoplasm is poisoned.
The endoplasm is moderately wounded.
The endoplasm freezes you.
You are frozen!
You feel a terrible chill!
* * * LOW HITPOINT WARNING * * *
You see here a +0 short sword.
The endoplasm looks more healthy.
Casting: Sting (safe; 3% risk of failure)
Confirm with . or Enter, or press ? or * to list all spells.
Aiming: Sting (safe; 3% risk of failure)
Press: ? - help, Shift-Dir - straight line, f/p - endoplasm
Aim: an endoplasm (moderately wounded, 98% to hit)
The sting hits the endoplasm.
The endoplasm partially resists.
The endoplasm is heavily wounded.
* * * LOW HITPOINT WARNING * * *
The endoplasm freezes you.
You are frozen!
You feel a terrible chill!
You die...

###.##.....# ##.######.# #.#
#...# #.# #.# #.#)# #.# #.#
#...# #.# #.# ### ##.## #.#
#.# ##.######.######.# #.#
#.#......J.......######.##
##...#####@##.............#
##.)...####.##.#####..###..#
##..............# #..###..#
#####...............#
#..#....#
.....#....)...##.##.#
#..#.##.#
#####.#.....#.##.##.#
#..#.##.# ##<#...##.##.##.#
#.......# ##
#.######.##.##.# ##.#.####
.#####.## #.##.##.# #.#.#


You could see an endoplasm.

Vanquished Creatures
  3 adders (D:2)
  3 dart slugs (D:1)
  5 ball pythons
  3 endoplasms (D:1)
  5 giant cockroaches
  3 goblins
  2 hobgoblins (D:1)
  2 quokkas (D:1)
  3 bats
  A frilled lizard (D:2)
  5 kobolds
  2 rats (D:1)
37 creatures vanquished.

Notes
Turn   | Place    | Note
-------+----------+-------------------------------------------
     0 | D:1      | Nattfarinn the Djinni Venom Mage began the quest for the
                  | Orb.
     0 | D:1      | Reached XP level 1. HP: 15/15 MP: 0/0
   132 | D:1      | Reached XP level 2. HP: 19/21 MP: 0/0
   321 | D:1      | Reached skill level 3 in Spellcasting
   952 | D:1      | Reached XP level 3. HP: 17/25 MP: 0/0
   952 | D:1      | Learned a level 1 spell: Summon Small Mammal
  2227 | D:2      | Reached XP level 4. HP: 13/31 MP: 0/0
  3019 | D:2      | Frozen to death by an endoplasm

Illustrated notes

Levels and vault maps discovered:
D:1:      dpeg_arrival_line_fractal, layout_basic
D:2:      layout_loops_ring, ebering_ecumenical_altar_rust

Skill      XL: |  1  2 |
---------------+-------+-----
Spellcasting   | 3 |  3.9
Dodging        | |  2.1
Stealth        | |  1.5

Action                   |  1- 3 |  4- 6 || total
-------------------------+-------+-------++-------
Melee: Unarmed           |     2 |     1 ||     3
 Cast: Sting             |    75 |     7 ||    82
       Poisonous Vapours |     5 |    20 ||    25
Armor: Robe              |     9 |     4 ||    13
Dodge: Dodged            |    14 |    13 ||    27

Table legend: (Time is in decaauts)
 A = Elapsed time spent in this place.
 B = Non-inter-level travel time spent in this place.
 C = Inter-level travel time spent in this place.
 D = Time resting spent in this place.
 E = Time spent auto-exploring this place.
 F = Levels seen in this place.
 G = Mean time per level.
                   A        B        C        D        E       F      G
               +--------+--------+--------+--------+--------+-----+--------+
         Total |   3018 |   2980 |     38 |    615 |   2128 |   2 | 1509.0 |
       Dungeon |   3018 |   2980 |     38 |    615 |   2128 |   2 | 1509.0 |
               +--------+--------+--------+--------+--------+-----+--------+

Top non-repeatable levels by time:
     D:1: 1886 daAuts
     D:2: 1132 daAuts
